 Dungeon Crawl Stone Soup version 0.29-a0-620-g13ace881f2 (webtiles) character file.

Game seed: 3594793721055008657

40189 greenreed the Summoner (level 14, -7/106 HPs)
             Began as a Gnoll Summoner on June 18, 2022.
             Was the Champion of Nemelex Xobeh.
             Mangled by a death yak (19 damage)
             ... on level 4 of the Lair of Beasts.
             The game lasted 01:24:43 (19737 turns).

greenreed the Summoner (Gnoll Summoner)            Turns: 19737, Time: 01:24:45

Health: -7/106     AC: 18    Str:  8    XL:     14   Next: 9%
Magic:  10/28      EV: 15    Int: 18    God:    Nemelex Xobeh [******]
Gold:   733        SH:  0    Dex: 14    Spells: 8/33 levels left

rFire   . . .      SeeInvis .   X - +2 trident (venom)
rCold   . . .      Faith    +   (no shield)
rNeg    . . .      Spirit   .   Q - +0 acid dragon scales
rPois   .          Reflect  .   u - +1 hat
rElec   .          Harm     .   W - +1 cloak
rCorr   +          Rampage  .   (no gloves)
Will    +....                   r - +1 pair of boots
Stlth   ++++......              I - amulet of faith
HPRegen 0.27/turn               S - ring of wizardry
MPRegen 0.21/turn               F - +4 ring of protection

@: about to teleport
A: fangs 1, strong nose, distributed training
a: Renounce Religion, Draw Escape, Draw Destruction, Draw Summoning, Triple
Draw, Deal Four, Stack Five


You were on level 4 of the Lair of Beasts.
You worshipped Nemelex Xobeh.
Nemelex Xobeh was exalted by your worship.
You visited 4 branches of the dungeon, and saw 17 of its levels.

You collected 2828 gold pieces.
You spent 2095 gold pieces at shops.

Inventory:

Hand Weapons
 j - a +0 hand crossbow
 B - a +1 falchion of holy wrath
 X - a +2 trident of venom (weapon)
Missiles
 l - 33 poisoned darts
 U - a throwing net
Armour
 r - a +1 pair of boots (worn)
 u - a +1 hat (worn)
 E - a scarf of harm
 Q - +0 acid dragon scales (worn)
 W - a +1 cloak (worn)
Jewellery
 a - an amulet of the acrobat
 h - a +6 ring of dexterity
 k - an amulet of regeneration
 F - a +4 ring of protection (right hand)
 I - an amulet of faith (around neck)
 R - a ring of willpower
 S - a ring of wizardry (left hand)
Wands
 q - a wand of polymorph (7)
 L - a wand of iceblast (17)
 T - a wand of flame (28)
Scrolls
 e - 2 scrolls of magic mapping
 m - a scroll of amnesia
 n - 5 scrolls of blinking
 w - 2 scrolls of fear
 x - 3 scrolls of teleportation
 y - 3 scrolls of fog
 D - 2 scrolls of noise {unknown}
 G - 2 scrolls of enchant weapon
 H - 4 scrolls of brand weapon
 J - 2 scrolls of summoning {unknown}
 K - 2 scrolls of enchant armour
 M - 3 scrolls of immolation {unknown}
 N - 3 scrolls of vulnerability
 O - 2 scrolls of poison
 P - a scroll of silence {unknown}
Potions
 b - 3 potions of magic
 c - 8 potions of might
 d - 3 potions of haste {unknown}
 f - a potion of ambrosia {unknown}
 g - 2 potions of resistance
 i - 3 potions of lignification
 s - 3 potions of flight
 t - 7 potions of curing
 v - 3 potions of brilliance
 z - 2 potions of mutation
 C - a potion of berserk rage {unknown}
 V - 3 potions of heal wounds {unknown}


   Skills:
 + Level 8.9 Fighting
 + Level 8.9 Short Blades
 + Level 8.9 Long Blades
 + Level 8.9 Axes
 + Level 8.9 Maces & Flails
 + Level 8.9 Polearms
 + Level 8.9 Staves
 + Level 8.9 Slings
 + Level 8.9 Bows
 + Level 8.9 Crossbows
 + Level 8.9 Throwing
 + Level 8.9 Armour
 + Level 10.1 Dodging
 + Level 9.9 Stealth
 + Level 8.9 Shields
 + Level 8.9 Unarmed Combat
 + Level 10.2 Spellcasting
 + Level 7.4 Conjurations
 + Level 7.4 Hexes
 + Level 10.3 Summonings
 + Level 7.4 Necromancy
 + Level 7.4 Translocations
 + Level 7.4 Transmutations
 + Level 7.4 Fire Magic
 + Level 7.4 Ice Magic
 + Level 7.4 Air Magic
 + Level 7.4 Earth Magic
 + Level 7.4 Poison Magic
 + Level 9.7 Invocations
 + Level 8.9 Evocations


You had 8 spell levels left.
You knew the following spells:

 Your Spells              Type           Power      Damage    Failure   Level
a - Summon Small Mammal   Summ           100%       N/A       1%          1
b - Call Imp              Summ           46%        N/A       1%          2
c - Call Canine Familiar  Summ           46%        N/A       1%          3
d - Summon Guardian Gole  Hex/Summ       41%        N/A       1%          3
e - Portal Projectile     Hex/Tloc       72%        N/A       1%          3
f - Summon Lightning Spi  Summ/Air       41%        N/A       1%          4
g - Summon Cactus Giant   Summ           23%        N/A       11%         6
h - Tukima's Dance        Hex            36%        N/A       1%          3

Your spell library contained the following spells:

 Spells                   Type           Power      Damage    Failure   Level
 Apportation              Tloc           72%        N/A       1%          1
 Freeze                   Ice            100%       1d11      1%          1
 Sandblast                Erth           72%        2d16      1%          1
 Blink                    Tloc           72%        N/A       1%          2
 Ensorcelled Hibernation  Hex/Ice        72%        N/A       1%          2
 Scorch                   Fire           72%        2d8       1%          2
 Frozen Ramparts          Ice            72%        1d9       1%          3
 Ignite Poison            Fire/Tmut/Pois 36%        N/A       1%          3
 Mephitic Cloud           Conj/Pois/Air  36%        N/A       1%          3
 Spider Form              Tmut/Pois      36%        N/A       1%          3
 Airstrike                Air            18%        N/A       2%          4
 Anguish                  Hex/Necr       18%        N/A       2%          4
 Flame Wave               Conj/Fire      36%        2d9       2%          4
 Hailstorm                Conj/Ice       36%        3d9       2%          4
 Iskenderun's Mystic Bla  Conj/Tloc      36%        2d9       2%          4
 Leda's Liquefaction      Hex/Erth       18%        N/A       2%          4
 Alistair's Intoxication  Tmut/Pois      24%        N/A       6%          5
 Blade Hands              Tmut           18%        N/A       6%          5
 Freezing Cloud           Conj/Ice/Air   18%        6-21      6%          5
 Lee's Rapid Deconstruct  Erth           18%        3d12*     6%          5
 Lightning Bolt           Conj/Air       18%        1d32      6%          5
 Dispersal                Tloc           18%        N/A       32%         6
 Statue Form              Tmut/Erth      24%        N/A       32%         6
 Storm Form               Tmut/Air       18%        N/A       86%         7


Dungeon Overview and Level Annotations

Branches:
Dungeon (10/15)            Temple (1/1) D:4            Lair (4/6) D:9
 Shoals (0/4) Lair:2        Snake (0/4) Lair:4          Orc (2/2) D:9
    Elf (0/3) Orc:2

Altars:
Ashenzari
Cheibriados
Dithmenos
Elyvilon
Fedhas
Gozag
Hepliaklqana
Kikubaaqudgha
Makhleb
Nemelex Xobeh
Okawaru
Qazlal
Ru
Sif Muna
Trog
Uskayaw
Vehumet
Wu Jian
Xom
Yredelemnul
Zin
The Shining One
Beogh

Shops:
D:9 *   Orc:1 **   Orc:2 ?:*

Annotations:
D:8 3 runed translucent doors, frimble's ghost, novice GnWn
D:9 3 runed translucent doors, chrisa4242's ghost, novice OpMo


Innate Abilities, Weirdness & Mutations

You have very sharp teeth.
Your uncanny sense of smell can sniff out nearby items.
Your experience applies equally to all skills.


Message History

You feel better.
You feel yourself speed up.
The death yak gores you but does no damage.
Something gores your cactus giant!
A rime drake comes into view.
As you read the scroll of teleportation, it crumbles to dust.
You feel strangely unstable. Something gores your cactus giant.
The death yak gores you!
* * * LOW HITPOINT WARNING * * *
Your cactus giant hits the death yak with a +0 giant spiked club!
You feel better. The death yak gores you!
* * * LOW HITPOINT WARNING * * *
Something gores your cactus giant.
Your cactus giant is destroyed!
Your cactus giant disappears in a puff of smoke!
You deal a card...
You have dealt the Orb.
Press: ? - help, Shift-Dir - straight line, f - rime drake
Aim: a rime drake Your orb of destruction hits a rock wall.
You deal a card...
You have dealt Wild Magic.
The air around the death yak burns with energy.
The rime drake is encased in ice.
The rime drake resists.
You feel a surge of magic.
You feel your power returning.
You deal a card...
You have dealt the Orb.
Press: ? - help, Shift-Dir - straight line, f - death yak, p - rime drake
Aim: a death yak (moderately wounded, ally target)
Your orb of destruction hits a rock wall.
The wavering orb of destruction weakly hits the death yak!
The death yak is heavily wounded.
The orb fizzles. x2; You deal a card...
You have dealt Pain.
Press: ? - help, Shift-Dir - straight line, f/p - death yak
Aim: a death yak (heavily wounded)
The bolt of negative energy hits the death yak!!
The death yak is drained!
The death yak is almost dead.
The death yak gores you!!
You die...
Your body glows with a rainbow of weird colours and disappears.

#...##.............. #....#
#............ #....##
#Y..........
#####.....###...........
##.##.......###.Y.)......
#.#....>.....#.°......... ##
#.............§#Y.......P #.
#..............Y#####P.## #.
#...............@*## ## ##.
.................*.# ####..
...................### #.#...
...................k.#######..>..
..#..................#P#.........
#####........#..##...............
# #.P....#######....##.........
#####.....## #...####........
.#.#...#.## #....# #........


You could see a death yak (drained) and a rime drake (ally target).

Vanquished Creatures
  Kirke (Lair:4)
  A catoblepas (Lair:2)
  A hydra (Lair:4)
  An ogre mage (Orc:2)
  3 two-headed ogres (Orc:2)
  A deep troll (Orc:2)
  Pikel (D:7)
  An orc sorcerer (Orc:2)
  An ugly thing (D:10)
  A centaur zombie (D:8)
  Maggie (D:7)
  A komodo dragon (Lair:3)
  2 kobold demonologists (D:10)
  An unseen horror (D:10)
  2 hellwings (D:8)
  A polar bear (Lair:4)
  5 trolls (Orc:2)
  A nameless horror (Lair:1)
  A dream sheep (Lair:4)
  6 blink frogs
  Sigmund (D:3)
  A shadow (D:9)
  3 wyverns
  A basilisk (Lair:1)
  A steam dragon (D:8)
  7 yaks
  2 orc warriors (Orc:2)
  An ice beast (D:4)
  A sky beast (Orc:2)
  10 ogres
  2 wolves (Lair:3)
  A black bear (D:5)
  A phantom (D:4)
  A centaur (D:6)
  A kobold brigand (D:10)
  2 bullfrogs
  4 scorpions
  2 howler monkeys (D:7)
  A jelly (D:5)
  A hound (D:4)
  2 orc priests (Orc:2)
  2 iguanas (D:5)
  Natasha (twice) (D:3)
  2 orc wizards
  A mummy (D:6)
  An adder (D:6)
  4 gnolls
  2 shadow imps (D:8)
  An ufetubus (D:5)
  7 orcs
  2 endoplasms
  A giant cockroach (D:4)
  3 hobgoblins (D:4)
  3 jackals (D:4)
  7 kobolds
  2 quokkas
  4 ball pythons
  4 bats (D:3)
  2 hobgoblin zombies (D:6)
  An orc zombie (D:6)
130 creatures vanquished.

Vanquished Creatures (collateral kills)
  Gastronok (D:9)
  2 hydras (Lair:3)
  5 two-headed ogres (Orc:2)
  An ogre mage (Orc:2)
  A death yak (Lair:4)
  Urug (Orc:2)
  Sonja (Lair:4)
  A deep troll (Orc:2)
  2 cyclopes (Orc:2)
  Maurice (D:9)
  A nameless horror (Lair:3)
  5 cane toads
  2 komodo dragons
  4 trolls (Orc:2)
  A polar bear (Lair:1)
  3 dream sheep (Lair:4)
  9 blink frogs
  2 wraiths (D:9)
  4 wyverns
  23 yaks
  A basilisk (Lair:1)
  Menkaure (D:5)
  2 water moccasins
  7 orc warriors
  A black bear (D:5)
  12 ogres
  11 wolves
  A lemure (D:7)
  2 kobold brigands
  3 bullfrogs (Lair:3)
  A necrophage (D:4)
  A gnoll sergeant (D:9)
  2 scorpions
  2 vampire bats (D:3)
  5 howler monkeys (D:7)
  3 orc priests
  Crazy Yiuf (D:2)
  2 hounds
  A jelly (D:5)
  2 iguanas (D:5)
  9 orc wizards
  A statue (D:6)
  Robin (D:2)
  11 gnolls
  5 adders
  A shadow imp (D:6)
  A worm (D:3)
  3 dart slugs
  21 orcs
  6 ball pythons
  7 bats
  6 endoplasms
  A giant cockroach (D:1)
  10 goblins
  3 hobgoblins
  4 jackals (D:1)
  13 kobolds
  2 frilled lizards
  A hobgoblin zombie (D:6)
  5 rats
242 creatures vanquished.

Vanquished Creatures (others)
  A two-headed ogre (D:10)
  A wolf spider zombie (D:8)
  A centaur skeleton (D:8)
  A meliai zombie (D:8)
  A yak (D:10)
  2 humans (Lair:4)
  A boggart zombie (D:8)
  3 shadow imps (D:8)
  15 fungi
  14 plants
  3 withered plants (D:8)
43 creatures vanquished.

Grand Total: 415 creatures vanquished

Notes
Turn   | Place    | Note
-------+----------+-------------------------------------------
     0 | D:1      | greenreed the Gnoll Summoner began the quest for the Orb.
     0 | D:1      | Reached XP level 1. HP: 13/13 MP: 6/6
   382 | D:1      | Reached XP level 2. HP: 19/19 MP: 5/7
   462 | D:1      | Found a faded altar of an unknown god.
   842 | D:1      | Reached XP level 3. HP: 23/25 MP: 6/9
   856 | D:1      | Reached skill level 5 in Spellcasting
   913 | D:1      | Learned a level 2 spell: Call Imp
   917 | D:1      | Learned a level 3 spell: Call Canine Familiar
  1439 | D:2      | Reached skill level 1 in Invocations
  1493 | D:2      | Reached skill level 1 in Fighting
  1493 | D:2      | Reached skill level 1 in Short Blades
  1493 | D:2      | Reached skill level 1 in Long Blades
  1493 | D:2      | Reached skill level 1 in Axes
  1493 | D:2      | Reached skill level 1 in Maces & Flails
  1493 | D:2      | Reached skill level 1 in Polearms
  1493 | D:2      | Reached skill level 1 in Staves
  1493 | D:2      | Reached skill level 1 in Slings
  1493 | D:2      | Reached skill level 1 in Bows
  1493 | D:2      | Reached skill level 1 in Crossbows
  1493 | D:2      | Reached skill level 1 in Throwing
  1493 | D:2      | Reached skill level 1 in Armour
  1493 | D:2      | Reached skill level 1 in Shields
  1493 | D:2      | Reached skill level 1 in Unarmed Combat
  1493 | D:2      | Reached skill level 1 in Evocations
  1493 | D:2      | Reached XP level 4. HP: 32/32 MP: 2/11
  1605 | D:2      | Reached skill level 1 in Conjurations
  1605 | D:2      | Reached skill level 1 in Hexes
  1605 | D:2      | Reached skill level 1 in Necromancy
  1605 | D:2      | Reached skill level 1 in Translocations
  1605 | D:2      | Reached skill level 1 in Transmutations
  1605 | D:2      | Reached skill level 1 in Fire Magic
  1605 | D:2      | Reached skill level 1 in Ice Magic
  1605 | D:2      | Reached skill level 1 in Air Magic
  1605 | D:2      | Reached skill level 1 in Earth Magic
  1605 | D:2      | Reached skill level 1 in Poison Magic
  1896 | D:2      | Found a runed translucent door.
  1897 | D:2      | Noticed Crazy Yiuf
  1914 | D:2      | Killed Crazy Yiuf
  1915 | D:2      | Reached XP level 5. HP: 37/37 MP: 2/12
  2111 | D:2      | Noticed Robin
  2125 | D:2      | Killed Robin
  2759 | D:3      | Noticed a kobold brigand
  2782 | D:3      | Killed a kobold brigand
  2783 | D:3      | Reached XP level 6. HP: 44/44 MP: 7/13
  2918 | D:3      | Noticed Natasha
  2939 | D:3      | Killed Natasha
  2972 | D:3      | Noticed Sigmund
  2999 | D:3      | Killed Sigmund
  3000 | D:3      | Reached skill level 5 in Dodging
  3000 | D:3      | Reached XP level 7. HP: 40/50 MP: 15/15
  3287 | D:3      | Noticed Natasha
  3295 | D:3      | Killed Natasha
  3420 | D:3      | Found a snail-covered altar of Cheibriados.
  3483 | D:3      | Found a hazy altar of Hepliaklqana.
  3704 | D:4      | Reached skill level 5 in Stealth
  3944 | D:4      | Learned a level 3 spell: Summon Guardian Golem
  3994 | D:4      | Found a staircase to the Ecumenical Temple.
  4008 | Temple   | Entered the Ecumenical Temple
  4122 | Temple   | Became a worshipper of Nemelex Xobeh the Trickster
  4174 | D:4      | Reached XP level 8. HP: 51/57 MP: 11/16
  4370 | D:4      | Got the Handbook of Orientation
  4430 | D:4      | Found an ancient bone altar of Kikubaaqudgha.
  5070 | D:5      | Entered Level 5 of the Dungeon
  5207 | D:5      | Reached * piety under Nemelex Xobeh
  5258 | D:5      | Noticed Menkaure
  5292 | D:5      | Killed Menkaure
  5657 | D:5      | Received a gift from Nemelex Xobeh
  5798 | D:5      | Found a blossoming altar of Fedhas.
  5927 | D:5      | Reached XP level 9. HP: 65/65 MP: 14/18
  6010 | D:5      | Received a gift from Nemelex Xobeh
  6038 | D:5      | Found Zin's Purification Station.
  6041 | D:5      | Found a glowing silver altar of Zin.
  6046 | D:5      | Bought a potion of curing for 90 gold pieces
  6063 | D:5      | Reached ** piety under Nemelex Xobeh
  7048 | D:6      | Got Sif Muna's Guide on the Rocks and Changing
  7245 | D:6      | Found a radiant altar of Vehumet.
  7307 | D:6      | Received a gift from Nemelex Xobeh
  7608 | D:7      | Noticed Pikel
  7645 | D:7      | Killed Pikel
  7650 | D:7      | Noticed Maggie
  7657 | D:7      | Reached skill level 5 in Invocations
  7702 | D:7      | Killed Maggie
  7762 | D:7      | Reached XP level 10. HP: 47/73 MP: 9/20
  7886 | D:7      | Learned a level 3 spell: Portal Projectile
  7913 | D:7      | Found a broken altar of Ashenzari.
  7916 | D:7      | Found an ornate altar of the Wu Jian Council.
  7935 | D:7      | Learned a level 4 spell: Summon Lightning Spire
  7972 | D:7      | Reached *** piety under Nemelex Xobeh
  8462 | D:8      | Found a runed translucent gate.
  8462 | D:8      | Found a runed translucent gate.
  8462 | D:8      | Found a runed translucent gate.
  8463 | D:8      | Noticed a nine-headed hydra
  8465 | D:8      | Noticed frimble's ghost (novice GnWn)
  8527 | D:8      | Reached skill level 5 in Fighting
  8527 | D:8      | Reached skill level 5 in Short Blades
  8527 | D:8      | Reached skill level 5 in Long Blades
  8527 | D:8      | Reached skill level 5 in Axes
  8527 | D:8      | Reached skill level 5 in Maces & Flails
  8527 | D:8      | Reached skill level 5 in Polearms
  8527 | D:8      | Reached skill level 5 in Staves
  8527 | D:8      | Reached skill level 5 in Slings
  8527 | D:8      | Reached skill level 5 in Bows
  8527 | D:8      | Reached skill level 5 in Crossbows
  8527 | D:8      | Reached skill level 5 in Throwing
  8527 | D:8      | Reached skill level 5 in Armour
  8527 | D:8      | Reached skill level 5 in Shields
  8527 | D:8      | Reached skill level 5 in Unarmed Combat
  8527 | D:8      | Reached skill level 5 in Evocations
  9396 | D:8      | Received a gift from Nemelex Xobeh
  9734 | D:9      | Noticed Maurice
  9755 | D:9      | Killed Maurice
  9919 | D:9      | Found a sacrificial altar of Ru.
 10202 | D:9      | Found a runed translucent gate.
 10203 | D:9      | Found a runed translucent gate.
 10204 | D:9      | Found a runed translucent gate.
 10206 | D:9      | Noticed chrisa4242's ghost (novice OpMo)
 10317 | D:9      | Found a staircase to the Orcish Mines.
 10354 | D:9      | Reached XP level 11. HP: 44/81 MP: 18/22
 10559 | D:9      | Found a shadowy altar of Dithmenos.
 10561 | D:9      | Found a staircase to the Lair.
 10617 | D:9      | Noticed Gastronok
 10633 | D:9      | Killed Gastronok
 10634 | D:9      | Reached skill level 5 in Conjurations
 10634 | D:9      | Reached skill level 5 in Hexes
 10634 | D:9      | Reached skill level 5 in Necromancy
 10634 | D:9      | Reached skill level 5 in Translocations
 10634 | D:9      | Reached skill level 5 in Transmutations
 10634 | D:9      | Reached skill level 5 in Fire Magic
 10634 | D:9      | Reached skill level 5 in Ice Magic
 10634 | D:9      | Reached skill level 5 in Air Magic
 10634 | D:9      | Reached skill level 5 in Earth Magic
 10634 | D:9      | Reached skill level 5 in Poison Magic
 10766 | D:9      | Found Gozag's Platinum Reserve.
 10772 | D:9      | Found an opulent altar of Gozag.
 10886 | D:10     | Entered Level 10 of the Dungeon
 10910 | D:10     | Reached **** piety under Nemelex Xobeh
 10927 | D:10     | Received a gift from Nemelex Xobeh
 11432 | D:10     | Noticed a sun demon
 11515 | D:10     | Noticed a two-headed ogre
 11612 | D:10     | Killed a two-headed ogre
 11854 | D:10     | Received a gift from Nemelex Xobeh
 11857 | D:10     | Found an iron altar of Okawaru.
 12077 | D:10     | Noticed a green ugly thing
 12114 | D:10     | Killed a green ugly thing
 12274 | D:10     | Found a bloodstained altar of Trog.
 12401 | Orc:1    | Entered Level 1 of the Orcish Mines
 12563 | Orc:1    | Found Ixoiqula's Assorted Antiques.
 12571 | Orc:1    | Bought a scroll of identify for 58 gold pieces
 12675 | Orc:2    | Entered Level 2 of the Orcish Mines
 12675 | Orc:2    | Received a gift from Nemelex Xobeh
 12748 | Orc:2    | Noticed a deep troll
 12757 | Orc:2    | Killed a deep troll
 12770 | Orc:2    | Noticed a two-headed ogre
 12782 | Orc:2    | Killed a two-headed ogre
 12794 | Orc:2    | Noticed a deep troll
 12796 | Orc:2    | Reached XP level 12. HP: 70/89 MP: 24/24
 13309 | Orc:2    | Noticed a two-headed ogre
 13321 | Orc:2    | Killed a two-headed ogre
 13437 | Orc:2    | Noticed an ogre mage
 13454 | Orc:2    | Paralysed by something for 3 turns
 13459 | Orc:2    | Killed an ogre mage
 13516 | Orc:2    | Noticed a two-headed ogre
 13523 | Orc:2    | Noticed a two-headed ogre
 13531 | Orc:2    | Killed a two-headed ogre
 13549 | Orc:2    | Killed a two-headed ogre
 13648 | Orc:2    | Noticed an ogre mage
 13651 | Orc:2    | Noticed a two-headed ogre
 13665 | Orc:2    | Killed an ogre mage
 13670 | Orc:2    | Killed a two-headed ogre
 13805 | Orc:2    | Found a staircase to the Elven Halls.
 13884 | Orc:2    | Noticed a two-headed ogre
 13894 | Orc:2    | Killed a two-headed ogre
 14015 | Orc:2    | Noticed a two-headed ogre
 14029 | Orc:2    | Killed a two-headed ogre
 14133 | Orc:2    | Noticed Urug
 14226 | Orc:2    | Reached XP level 13. HP: 77/98 MP: 18/26
 14343 | Orc:2    | Killed Urug
 14371 | Orc:2    | Found Donamutz's Armour Boutique.
 14372 | Orc:2    | Found Tobriada's General Store.
 14377 | Orc:2    | Found Yrenyelu's Magic Scroll Emporium.
 14385 | Orc:2    | Found Boeq's Book Boutique.
 14389 | Orc:2    | Bought a scroll of identify for 26 gold pieces
 14389 | Orc:2    | Bought a scroll of identify for 26 gold pieces
 14389 | Orc:2    | Bought a scroll of amnesia for 45 gold pieces
 14389 | Orc:2    | Bought a scroll of acquirement for 676 gold pieces
 14389 | Orc:2    | Bought a scroll of identify for 26 gold pieces
 14397 | Orc:2    | Acquired 1098 gold pieces
 14407 | Orc:2    | Bought a scroll of acquirement for 676 gold pieces
 14410 | Orc:2    | Acquired a book of Scorching
 14423 | Orc:2    | Learned a level 6 spell: Summon Cactus Giant
 14424 | Orc:2    | Bought a book of Weapons for 420 gold pieces
 14429 | Orc:2    | Learned a level 3 spell: Tukima's Dance
 14445 | Orc:2    | Reached ***** piety under Nemelex Xobeh
 14694 | Orc:1    | Learned a level 5 spell: Lee's Rapid Deconstruction
 15067 | Orc:1    | Received a gift from Nemelex Xobeh
 15087 | Orc:1    | Found Haawima's Assorted Antiques.
 15096 | Orc:1    | Bought a scroll of identify for 52 gold pieces
 15267 | Lair:1   | Entered Level 1 of the Lair of Beasts
 15363 | Lair:1   | Identified the +3 scale mail of Unamov {Harm rN+}
 15531 | Lair:1   | Received a gift from Nemelex Xobeh
 15995 | Lair:1   | Received a gift from Nemelex Xobeh
 16288 | Lair:2   | Found a staircase to the Shoals.
 16313 | Lair:2   | Received a gift from Nemelex Xobeh
 16414 | Lair:2   | Reached skill level 10 in Summonings
 17654 | Lair:3   | Received a gift from Nemelex Xobeh
 17874 | Lair:3   | Reached ****** piety under Nemelex Xobeh
 17900 | Lair:3   | Received a gift from Nemelex Xobeh
 18512 | Lair:3   | Received a gift from Nemelex Xobeh
 18649 | Lair:4   | Found a staircase to the Snake Pit.
 18718 | Lair:4   | Reached skill level 10 in Spellcasting
 18802 | Lair:4   | Noticed Kirke
 18807 | Lair:4   | Killed Kirke
 19100 | Lair:4   | Identified the +0 trident of the Fuzzy God {drain, Str+5}
 19185 | Lair:4   | Reached skill level 10 in Dodging
 19185 | Lair:4   | Reached XP level 14. HP: 101/106 MP: 28/28
 19718 | Lair:4   | Noticed Sonja
 19725 | Lair:4   | Killed Sonja
 19737 | Lair:4   | Mangled by a death yak

Illustrated notes

Levels and vault maps discovered:
D:1:      roderic_octagonal_star, layout_basic,
          shapermc_ecumenical_altar_mp_vishouse
D:2:      layout_loops_ring, minmay_cut_off, uniq_robin, uniq_crazy_yiuf_cottage
D:3:      layout_loops_ring, worldfamousw_hep_ancestral_shrine,
          mainiacjoe_overflow_alcove_2, roderic_batcave,
          kennysheep_generic_room_12, uniq_sigmund, uniq_natasha
D:4:      layout_basic, kennysheep_mini, minmay_temple_entry_hall,
          minmay_small_thing
D:5:      layout_layer_cave, amcnicky_altar_gilded, zin_purify, st_stairs_7,
          uniq_menkaure
D:6:      layout_rooms, vehumet_statue, minmay_mini_ossuary
D:7:      layout_cave_pools, grunt_temple_overflow_open, uniq_maggie, uniq_pikel
D:8:      cheibrodos_grave_circle, layout_basic, gammafunk_ghost_hydra_chop
D:9:      layout_rooms, nicolae_gozag_zags_fifth_avenue,
          nicolae_ru_path_of_blood, mainiacjoe_overflow_chevrons,
          lair_entry_dummy, gammafunk_ghost_spectres, uniq_gastronok,
          uniq_maurice
D:10:     layout_loops_corners, lemuel_round_altar, bloody_trog
Temple:   nicolae_temple_figure_zero
Lair:1:   layout_regular_city
Lair:2:   layout_cave_pods, shoals_dummy_entry, grunt_megastairs_2,
          lemuel_fruit_tree
Lair:3:   layout_cave_pods, beast_lair_carwin_5, grunt_megastairs_1
Lair:4:   layout_cave_pods, dummy_snake_entry, uniq_sonja, uniq_kirke
Orc:1:    layout_diamond_mine, serial_shops, nicolae_square_shop, shop
Orc:2:    st_orc_open, layout_diamond_mine, basic_altar, uniq_urug

Skill      XL: |  1  2  3  4  5  6  7  8  9 10 11 12 13 |
---------------+----------------------------------------+-----
Spellcasting   | 5 6 7 8 9 10 | 10.2
Invocations    | 1 2 3 4 5 6 7 8 9 |  9.7
Fighting       | 1 2 3 4 5 6 7 8 |  8.9
Short Blades   | 1 2 3 4 5 6 7 8 |  8.9
Long Blades    | 1 2 3 4 5 6 7 8 |  8.9
Axes           | 1 2 3 4 5 6 7 8 |  8.9
Maces & Flails | 1 2 3 4 5 6 7 8 |  8.9
Polearms       | 1 2 3 4 5 6 7 8 |  8.9
Staves         | 1 2 3 4 5 6 7 8 |  8.9
Slings         | 1 2 3 4 5 6 7 8 |  8.9
Bows           | 1 2 3 4 5 6 7 8 |  8.9
Crossbows      | 1 2 3 4 5 6 7 8 |  8.9
Throwing       | 1 2 3 4 5 6 7 8 |  8.9
Armour         | 1 2 3 4 5 6 7 8 |  8.9
Shields        | 1 2 3 4 5 6 7 8 |  8.9
Unarmed Combat | 1 2 3 4 5 6 7 8 |  8.9
Evocations     | 1 2 3 4 5 6 7 8 |  8.9
Conjurations   | 1 2 3 4 5 6 7 |  7.4
Hexes          | 1 2 3 4 5 6 7 |  7.4
Necromancy     | 1 2 3 4 5 6 7 |  7.4
Translocations | 1 2 3 4 5 6 7 |  7.4
Transmutations | 1 2 3 4 5 6 7 |  7.4
Fire Magic     | 1 2 3 4 5 6 7 |  7.4
Ice Magic      | 1 2 3 4 5 6 7 |  7.4
Air Magic      | 1 2 3 4 5 6 7 |  7.4
Earth Magic    | 1 2 3 4 5 6 7 |  7.4
Poison Magic   | 1 2 3 4 5 6 7 |  7.4
Dodging        | 5 6 7 8 9 10 | 10.1
Stealth        | 5 6 7 8 9 |  9.9
Summonings     | 8 9 10 | 10.3

Action                   |  1- 3 |  4- 6 |  7- 9 | 10-12 | 13-15 || total
-------------------------+-------+-------+-------+-------+-------++-------
Melee: Unarmed           |     8 |     2 |       |       |       ||    10
       Bite              |     1 |     1 |    20 |    29 |    18 ||    69
       Quarterstaff      |       |     2 |       |       |       ||     2
       Spear             |       |     8 |   195 |   167 |       ||   370
       Punch             |       |       |     2 |     4 |     8 ||    14
       Falchion          |       |       |       |    29 |       ||    29
       Trident           |       |       |       |    84 |   163 ||   247
 Fire: Hand crossbow     |       |       |       |     3 |       ||     3
 Cast: Summon Small Mamm |    31 |       |     2 |       |       ||    33
       Call Imp          |     9 |    11 |    22 |     6 |       ||    48
       Call Canine Famil |     1 |    13 |    34 |    34 |     5 ||    87
       Summon Lightning  |       |       |       |    61 |    24 ||    85
       Summon Guardian G |       |       |       |    13 |       ||    13
       Portal Projectile |       |       |       |     2 |       ||     2
       Summon Cactus Gia |       |       |       |       |    16 ||    16
       Lee's Rapid Decon |       |       |       |       |     1 ||     1
Invok: Draw Destruction  |       |       |     2 |    13 |    23 ||    38
       Draw Escape       |       |       |       |     3 |     2 ||     5
       Draw Summoning    |       |       |       |     1 |     5 ||     6
       Deal Four         |       |       |       |     1 |     1 ||     2
  Use: Scroll            |       |       |     7 |     4 |    10 ||    21
       Potion            |       |       |       |     1 |     2 ||     3
 Stab: Distracted        |     1 |       |     9 |     9 |     2 ||    21
       Sleeping          |       |       |    18 |     2 |       ||    20
       Betrayed ally     |       |       |       |     2 |       ||     2
Armor: Robe              |     6 |     6 |    34 |       |       ||    46
       Acid dragon scale |       |       |       |   102 |    99 ||   201
Dodge: Dodged            |    16 |    26 |   100 |   157 |   130 ||   429

Table legend: (Time is in decaauts)
 A = Elapsed time spent in this place.
 B = Non-inter-level travel time spent in this place.
 C = Inter-level travel time spent in this place.
 D = Time resting spent in this place.
 E = Time spent auto-exploring this place.
 F = Levels seen in this place.
 G = Mean time per level.
                   A        B        C        D        E       F      G
               +--------+--------+--------+--------+--------+-----+--------+
         Total |  19686 |  19095 |    591 |   1391 |  13952 |  17 | 1158.0 |
       Dungeon |  12277 |  11982 |    295 |    684 |   8870 |  10 | 1227.7 |
        Temple |    124 |    115 |      9 |      0 |    109 |   1 |  124.0 |
          Lair |   4457 |   4356 |    101 |    460 |   3312 |   4 | 1114.2 |
  Orcish Mines |   2827 |   2641 |    186 |    247 |   1661 |   2 | 1413.5 |
               +--------+--------+--------+--------+--------+-----+--------+

Top non-repeatable levels by time:
   Orc:2: 1997 daAuts
     D:5: 1649 daAuts
     D:8: 1530 daAuts
    D:10: 1482 daAuts
     D:1: 1455 daAuts
  Lair:3: 1399 daAuts
     D:4: 1371 daAuts
     D:9: 1210 daAuts
     D:3: 1139 daAuts
  Lair:2: 1116 daAuts
  Lair:4: 1083 daAuts
     D:2: 982 daAuts
  Lair:1: 857 daAuts
   Orc:1: 829 daAuts
     D:6: 823 daAuts
